 Dungeon Crawl Stone Soup version 0.16.1-30-g34a7ffa (webtiles) character file.

1310 Jb9000 the Ducker (level 8, -4/69 HPs)
             Began as a Green Draconian Berserker on June 19, 2015.
             Was a High Priest of Trog.
             Slain by a killer bee (8 damage)
             ... on level 4 of the Dungeon.
             The game lasted 00:46:04 (6374 turns).

Jb9000 the Ducker (Green Draconian Berserker)       Turns: 6374, Time: 00:46:04

Health: -4/69      AC:  9    Str: 20    XL:     8   Next: 32%
Magic:  8/8        EV: 14    Int:  9    God:    Trog [*****.]
Gold:   269        SH:  0    Dex: 11    Spells: 0 memorised, 7 levels left

rFire  . . .     SeeInvis .     a - +3 mace
rCold  . . .     Clarity  .     (armour unavailable)
rNeg   . . .     SustAb   .     (no shield)
rPois  +         Gourm    .     (helmet restricted)
rElec  .         Spirit   .     j - +1 cloak
rCorr  .         Warding  .     w - +0 pair of gloves
rMut   .         Stasis   .     (no boots)
MR     .....                    (no amulet)
Stlth  ++........               (no ring)
                                (no ring)

@: lethally poisoned (-4 -> -7), about to teleport, short of breath, not
resistant to hostile enchantments, unstealthy
A: breathe noxious fumes, unfitting armour, poison resistance, cold-blooded, AC
+6
a: Breathe Noxious Fumes, Burn Spellbooks, Berserk, Trog's Hand, Brothers in
Arms, Renounce Religion


You were on level 4 of the Dungeon.
You worshipped Trog.
Trog was extremely pleased with you.
You were not hungry.

You visited 1 branch of the dungeon, and saw 5 of its levels.

You collected 269 gold pieces.

Inventory:

Hand weapons
 a - a +3 mace (weapon)
 b - a +0 rapier
 e - a +0 mace
 l - a +0 hunting sling
 m - a +0 hunting sling
 s - a +0 mace
 u - a +0 scythe
 A - a +1 short sword of venom
 D - a +0 shortbow
Missiles
 i - 64 arrows
 k - 2 sling bullets
 q - 16 arrows of frost
 r - 26 poisoned needles
 y - 7 tomahawks (quivered)
 z - a steel sling bullet
Armour
 j - a +1 cloak (worn)
 t - a +1 helmet
 w - a +0 pair of gloves (worn)
Jewellery
 o - a cursed ring of teleportation
Magical devices
 f - a wand of digging (24)
 C - a wand of magic darts (8)
Scrolls
 B - a scroll of magic mapping
Potions
 d - a potion of ambrosia
 n - a potion of restore abilities
Comestibles
 c - 8 bread rations
 x - 2 meat rations


   Skills:
 + Level 5.5 Fighting
 + Level 5.6 Maces & Flails
 + Level 2.9(3.1) Slings
 + Level 1.3(2.3) Throwing
 + Level 6.4 Dodging
 + Level 2.1 Stealth


You had 7 spell levels left.
You didn't know any spells.

Dungeon Overview and Level Annotations

Branches:
Dungeon (5/15)
 Temple: D:4-7

Altars:
Sif Muna


Innate Abilities, Weirdness & Mutations

You can breathe blasts of noxious fumes.
Your lurid green scales are hard (AC +6).
Your body does not fit into most forms of armour.
Your system is resistant to poisons.
Your cold-blooded metabolism reacts poorly to cold.


Message History

The killer bee is almost dead.
Evoking this partially-identified wand wasted a few charges.
You feel sick. The killer bee misses you. The killer bee stings you.
* * * LOW HITPOINT WARNING * * *
You are more poisoned.
The killer bee poisons you!
Drink which item? (? for menu, Esc to quit)
It was a potion of cancellation.
You feel magically purged. The killer bee completely misses you.
The killer bee barely misses you.
Drink which item? (? for menu, Esc to quit)
It was a potion of poison.
You feel slightly nauseous.
You feel sick. The killer bee stings you.
* * * LOW HITPOINT WARNING * * *
The killer bee barely misses you.
Read which item? (? for menu, Esc to quit)
As you read the scroll of teleportation, it crumbles to dust.
You feel strangely unstable.
* * * LOW HITPOINT WARNING * * *
You feel sick. The killer bee stings you!
You die...

...##..#....#
#....#.#.......###.
...##..#....#
#....#.#.......# #.
....#..#....#
#....#.#.......# #.
....+..#....#
##'###.#.......# #.
...##..#....#
#......#.......# #.
...##..#....#
#......#.......# #.
....#..#....#
#......#.......# #.
....+..##'###
###[##.#.......# #.
...##..##...#
#.@y.#.#.......# #.
...##..##'###
#....#.#.......# #.
.......#....#
#....#.#.......# #.
...###+#....#
#....#.#.......# #.
...##..#....#
#....'.#.......# #.
.......##'###
#....#.#.......# #.
...###+##...#
#....#.'.......# #.
...##..##'###
#....#.#.......# #.
.......#....#
#....#.#...##### #.


You could see a killer bee.

Vanquished Creatures
  The ghost of DevDT the Ducker, an average OpTm (D:3)
  A phantom (D:4)
  Sigmund (D:4)
  A killer bee (D:4)
  2 scorpions (D:4)
  A giant frog skeleton (D:5)
  2 jellies
  3 hounds (D:4)
  4 worker ants (D:4)
  3 iguanas (D:4)
  10 adders
  6 gnolls
  2 worms
  7 giant geckos
  2 oozes
  16 orcs
  17 bats
  4 giant cockroaches
  19 hobgoblins
  5 jackals
  A quokka (D:4)
  A giant gecko skeleton (D:4)
  5 giant newts
  16 goblins
  21 kobolds
  7 rats
  2 plants (D:4)
160 creatures vanquished.

Vanquished Creatures (collateral kills)
  Eustachio (D:5)
  A centaur (D:5)
  A jelly (D:5)
  A shadow imp (D:5)
  An orc (D:4)
  A bat (D:5)
6 creatures vanquished.

Grand Total: 166 creatures vanquished

Notes
Turn   | Place    | Note
--------------------------------------------------------------
     0 | D:1      | Jb9000, the Draconian Berserker, began the quest for the Orb.
     0 | D:1      | Reached XP level 1. HP: 19/19 MP: 1/1
     0 | D:1      | Noticed an electric eel
   125 | D:1      | Reached XP level 2. HP: 26/26 MP: 2/2
   599 | D:1      | Reached XP level 3. HP: 31/33 MP: 3/3
   934 | D:2      | Acquired Trog's second power
   991 | D:2      | Reached skill level 4 in Fighting
  1229 | D:2      | Found a deep blue altar of Sif Muna.
  1281 | D:2      | Reached XP level 4. HP: 36/40 MP: 4/4
  2251 | D:3      | Reached XP level 5. HP: 46/46 MP: 5/5
  2673 | D:3      | Reached skill level 1 in Stealth
  2723 | D:3      | Noticed DevDT's ghost (average OpTm)
  2893 | D:4      | Reached skill level 1 in Slings
  3211 | D:4      | Noticed Sigmund
  3221 | D:4      | Killed Sigmund
  3221 | D:4      | Reached XP level 6. HP: 18/53 MP: 6/6
  3633 | D:4      | Received a gift from Trog
  4130 | D:4      | Acquired Trog's third power
  4394 | D:4      | Your scales start taking on a lurid green colour.
  4394 | D:4      | Gained mutation: Your system is resistant to poisons. [draconian maturity]
  4394 | D:4      | Reached XP level 7. HP: 60/60 MP: 7/7
  4535 | D:4      | Reached skill level 5 in Dodging
  4941 | D:3      | Killed DevDT's ghost
  4941 | D:3      | Reached skill level 5 in Fighting
  5697 | D:4      | Reached skill level 1 in Throwing
  5765 | D:4      | Noticed a phantom
  5793 | D:4      | Killed a phantom
  5793 | D:4      | Reached skill level 5 in Maces & Flails
  6025 | D:5      | Entered Level 5 of the Dungeon
  6099 | D:4      | Reached XP level 8. HP: 65/68 MP: 8/8
  6145 | D:5      | Noticed Eustachio
  6165 | D:5      | Killed Eustachio
  6165 | D:5      | Reached skill level 6 in Dodging
  6374 | D:4      | Slain by a killer bee

Action                   |  1- 3 |  4- 6 |  7- 9 || total
-------------------------+-------+-------+-------++-------
Melee: Mace              |    81 |   258 |   142 ||   481
 Fire: Hunting sling     |     7 |    70 |    11 ||    88
Throw: Tomahawk          |       |    10 |    10 ||    20
Invok: Brothers in Arms  |       |       |     1 ||     1
 Abil: Breathe Noxious F |       |       |     7 ||     7
Evoke: Wand              |       |       |     5 ||     5
  Use: Scroll            |     4 |    11 |     5 ||    20
       Potion            |       |     3 |     5 ||     8
 Stab: Sleeping          |       |       |     1 ||     1
  Eat: Chunk             |     1 |     6 |       ||     7
       Bread ration      |       |     1 |       ||     1
       Fruit             |       |       |     3 ||     3
       Meat ration       |       |       |     1 ||     1
       Pizza             |       |       |     1 ||     1
       Beef jerky        |       |       |     1 ||     1
